 Dungeon Crawl Stone Soup version 0.24.0-124-g2791043dd8 (webtiles) character file.

Game seed: 1688209998002751214, levelgen mode: deterministic

211 Elellon the Conjurer (level 5, -4/28 HPs)
             Began as a Deep Elf Conjurer on Feb 14, 2020.
             Splashed by Ijyb's acid (11 damage)
             ... on level 3 of the Dungeon.
             The game lasted 00:03:22 (3627 turns).

Elellon the Conjurer (Deep Elf Conjurer)            Turns: 3627, Time: 00:03:23

Health: -4/28      AC: -2    Str:  6    XL:     5   Next: 57%
Magic:  14/15      EV: 13    Int: 20    God:
Gold:   44         SH:  0    Dex: 15    Spells: 8/15 levels left

rFire    . . .     SeeInvis .   (no weapon)
rCold    . . .     Gourm    .   (no shield)
rNeg     . . .     Faith    .   a - +0 robe
rPois    .         Spirit   .   (no helmet)
rElec    .         Reflect  .   (no cloak)
rCorr    .         Harm     .   (no gloves)
MR       .....                  (no boots)
Stlth    ++........             (no amulet)
HPRegen  0.09/turn              (no ring)
MPRegen  0.14/turn              (no ring)

@: corroded
A: no striking features
a: no special abilities


You were on level 3 of the Dungeon.
You were not hungry.

You visited 1 branch of the dungeon, and saw 3 of its levels.

You collected 44 gold pieces.

Inventory:

Armour
 a - a +0 robe (worn)
Jewellery
 f - an uncursed amulet of faith {unknown}
 k - a cursed amulet of guardian spirit {unknown}
Scrolls
 e - 3 scrolls of immolation {unknown}
 j - a scroll of magic mapping {unknown}
 n - 2 scrolls of identify {unknown}
 o - a scroll of fear {unknown}
 q - a scroll of enchant weapon {unknown}
 t - a scroll of teleportation {unknown}
Potions
 b - 2 potions of ambrosia {unknown}
 d - a potion of heal wounds {unknown}
 g - 2 potions of curing {unknown}
 h - 2 potions of brilliance {unknown}
 i - a potion of lignification {unknown}
 l - a potion of magic {unknown}
 p - a potion of flight {unknown}
 r - a potion of agility
 s - a potion of cancellation {unknown}
Comestibles
 c - 2 rations
 m - 4 chunks of flesh


   Skills:
 - Level 2.4 Dodging
 - Level 2.4 Stealth
 + Level 5.9 Spellcasting
 + Level 6.2 Conjurations


You had 8 spell levels left.
You knew the following spells:

 Your Spells              Type           Power        Failure   Level  Hunger
a - Magic Dart            Conj           ####         1%          1    None
b - Searing Ray           Conj           ####..       1%          2    None
c - Iskenderun's Mystic   Conj           ####....     9%          4    ####...

Your spell library contained the following spells:

 Spells                   Type           Power        Failure   Level  Hunger
 Dazzling Spray           Conj/Hex       ###...       9%          3    ##.....
 Force Lance              Conj/Tloc      ###.....     28%         4    ####...
 Fulminant Prism          Conj/Hex       ###.......   28%         4    ####...


Dungeon Overview and Level Annotations

Branches:
Dungeon (3/15)

Altars:
Gozag
Vehumet

Annotations:
D:3 2 runed translucent doors, FishyPogo's ghost, amateur DsCK; Ijyb


Message History

Found a hand axe.
You see here a hand axe.
Found 10 arrows.
Found a radiant altar of Vehumet.
Some of the chunks of flesh in your inventory have rotted away.
Found a stone staircase leading down.
h - 2 fuming golden potions (gained 1)
A goblin and Ijyb come into view.
Casting: Magic Dart (safe; 1% risk of failure)
Confirm with . or Enter, or press ? or * to list all spells.
Aiming: Magic Dart (safe; 1% risk of failure)
Press: ? - help, Shift-Dir - straight line, f - Ijyb
Aim: Ijyb, wielding a -2 dagger, wearing a +0 leather armour and carrying a wand of acid (7) (resting)
The magic dart hits Ijyb.
Ijyb is lightly wounded.
Ijyb shouts!
The goblin shouts!
Ijyb zaps a wand.
The bolt of acid hits you!!
Ouch! That really hurt!
* * * LOW HITPOINT WARNING * * *
The acid corrodes you!
You are splashed with acid!
You die...

#.# #.○...# #.#
#.....# #.#
#..°○.# #.#
####.☼§○.. #.#
......☼..##
#.########
.....#.###
#.##.....# .....#.
#.##.....##..>....
#.##......@.......
#.##.....##.......
#.##.....# g....#.
#......#.# .....#
#.......#.# ..g..#
#.......+.#
.....'.
#.......#.#
#....#.
#.......... ....#
#.......#.#


You could see Ijyb and a goblin.

Vanquished Creatures
  Natasha (thrice) (D:2)
  4 gnolls
  2 adders (D:2)
  3 worms (D:2)
  3 dart slugs
  A leopard gecko (D:2)
  An orc (D:3)
  2 ball pythons (D:1)
  6 bats
  3 giant cockroaches
  7 goblins
  10 hobgoblins
  4 jackals (D:2)
  A quokka (D:2)
  5 frilled lizards (D:1)
  9 kobolds
  3 rats
67 creatures vanquished.

Notes
Turn   | Place    | Note
-------+----------+-------------------------------------------
     0 | D:1      | Elellon the Deep Elf Conjurer began the quest for the Orb.
     0 | D:1      | Reached XP level 1. HP: 10/10 MP: 6/6
   303 | D:1      | Reached XP level 2. HP: 15/15 MP: 5/8
   596 | D:1      | Reached skill level 5 in Conjurations
   596 | D:1      | Reached XP level 3. HP: 4/19 MP: 0/10
  1870 | D:2      | Reached XP level 4. HP: 24/24 MP: 7/12
  1947 | D:2      | Learned a level 2 spell: Searing Ray
  1952 | D:2      | Learned a level 4 spell: Iskenderun's Mystic Blast
  1965 | D:2      | Reached skill level 5 in Spellcasting
  2006 | D:2      | Found an opulent altar of Gozag.
  2016 | D:2      | Noticed Natasha
  2024 | D:2      | Killed Natasha
  2283 | D:2      | Reached XP level 5. HP: 28/28 MP: 9/14
  2905 | D:2      | Noticed Natasha
  2912 | D:2      | Killed Natasha
  2912 | D:2      | Reached skill level 6 in Conjurations
  3062 | D:2      | Found an opulent altar of Gozag.
  3108 | D:2      | Noticed Natasha
  3113 | D:2      | Killed Natasha
  3483 | D:3      | Found a large runed translucent door.
  3483 | D:3      | Found a large runed translucent door.
  3483 | D:3      | Noticed FishyPogo's ghost (amateur DsCK)
  3587 | D:3      | Found a radiant altar of Vehumet.
  3626 | D:3      | Noticed Ijyb
  3627 | D:3      | Splashed by Ijyb's acid

Levels and vault maps discovered:
D:1:      dpeg_arrival_leaves_temple_mockup, layout_basic, minmay_pentomino_w4
D:2:      layout_basic, nicolae_overflow_crystal_walls,
          minmay_misc_feat_more_columns, st_stairs_1, uniq_natasha
D:3:      layout_basic, fiery_altar_vehumet, first_ration,
          ebering_ghost_disaster_area, uniq_ijyb

Skill      XL: |  1  2  3  4  5 |
---------------+----------------+-----
Spellcasting   | 4 5 |  5.9
Conjurations   | 5 6 |  6.2
Dodging        | |  2.4
Stealth        | |  2.4

Action                   |  1- 3 |  4- 6 || total
-------------------------+-------+-------++-------
 Cast: Magic Dart        |    98 |    69 ||   167
  Eat: Chunk             |     3 |     5 ||     8
Dodge: Dodged            |    10 |     6 ||    16
